 Dungeon Crawl Stone Soup version 0.27-a0-1525-g1038ab4fd7 (webtiles) character file.

Game seed: 1461700065055912559

53 Sin92 the Skirmisher (level 3, -2/29 HPs)
             Began as a Demonspawn Fighter on July 10, 2021.
             Killed from afar by Sigmund (7 damage)
             ... with a puff of flame
             ... on level 2 of the Dungeon.
             The game lasted 00:02:32 (1574 turns).

Sin92 the Skirmisher (Demonspawn Fighter)           Turns: 1574, Time: 00:02:32

Health: -2/29      AC:  8    Str: 16    XL:     3   Next: 62%
Magic:  3/3        EV:  7    Int:  9    God:
Gold:   83         SH:  9    Dex: 13    Spells: 2/2 levels left

rFire    . . .     SeeInvis .   a - +0 long sword
rCold    . . .     Faith    .   c - +0 kite shield
rNeg     . . .     Spirit   .   b - +0 scale mail
rPois    .         Reflect  .   (no helmet)
rElec    .         Harm     .   (no cloak)
rCorr    .         Rampage  .   (no gloves)
Will     .....                  (no boots)
Stlth    ..........             (no amulet)
HPRegen  0.09/turn              (no ring)
MPRegen  0.08/turn              (no ring)

@: mighty, flying, hasted, very quick
A: icy blue scales 1
a: no special abilities


You were on level 2 of the Dungeon.
You visited 1 branch of the dungeon, and saw 2 of its levels.

You collected 83 gold pieces.

Inventory:

Hand Weapons
 a - a +0 long sword (weapon)
Armour
 b - a +0 scale mail (worn)
 c - a +0 kite shield (worn)
Scrolls
 h - a scroll of acquirement {unknown}
 i - a scroll of identify {unknown}
Potions
 j - 2 potions of magic {unknown}
 k - a potion of brilliance {unknown}


   Skills:
 + Level 3.2 Fighting
 * Level 2.6 Long Blades
 + Level 3.0 Armour
 + Level 0.8 Dodging
 + Level 3.0 Shields


You had 2 spell levels left.
You didn't know any spells.
Your spell library contained the following spells:

 Spells                   Type           Power      Damage    Failure   Level
 Olgreb's Toxic Radiance  Pois           0%         N/A       100%        4
 Ozocubu's Refrigeration  Ice            0%         4d5       100%        7
 Ignition                 Fire           0%         3d3       100%        8


Dungeon Overview and Level Annotations

Branches:
Dungeon (2/15)

Altars:

Annotations:
D:2 Sigmund


Innate Abilities, Weirdness & Mutations

You are partially covered in icy blue scales. (AC +2)


Message History

No target in view!
It was a potion of haste.
You feel yourself speed up. Something hits you but does no damage.
It was a potion of flight.
You feel very buoyant.
You fly up into the air.
You hear some strange, mumbled words.
A puff of flame appears from out of thin air!
You block the puff of flame.
It was a potion of curing.
You feel better.
You feel very mighty all of a sudden. Something hits you.
You closely miss something. Something hits you.
You barely miss something. Something hits you.
You closely miss something. Something hits you.
You miss something. Something hits you but does no damage.
You miss something. Something hits you but does no damage.
You miss something. Something hits you.
You slash something!
You hear some strange, mumbled words.
You are confused.
You completely miss something. Something hits you but does no damage.
You bump into the stone wall.
Something hits you.
You bump into the stone wall.
You're too confused to move!
Something hits you but does no damage.
You bump into the stone wall.
Something hits you but does no damage.
You bump into the stone wall.
You're too confused to move!
You feel less confused. Something hits you.
* * * LOW HITPOINT WARNING * * *
You slash something! You block something's attack.
You closely miss something. Something hits you but does no damage.
Your shield and scale mail prevent you from hitting something.
You block something's attack.
You slash something!
You hear some strange, mumbled words.
A puff of flame appears from out of thin air!
The puff of flame hits you!
You die...

#######
#.'...#
#.###.#
#.@.#.#
###{#.#
.#.# ###.#
#.'.#
###.###
#####....#
#.).†.##.#
#.###..#.#


There were no monsters in sight!

Vanquished Creatures
  An adder (D:2)
  2 dart slugs
  3 ball pythons
  5 bats
  4 endoplasms
  A giant cockroach (D:1)
  6 goblins
  3 hobgoblins
  4 kobolds
  3 quokkas
  2 frilled lizards
  3 rats
37 creatures vanquished.

Notes
Turn   | Place    | Note
-------+----------+-------------------------------------------
     0 | D:1      | Sin92 the Demonspawn Fighter began the quest for the Orb.
     0 | D:1      | Reached XP level 1. HP: 18/18 MP: 1/1
   202 | D:1      | Gained mutation: You are partially covered in icy blue
                  | scales. (AC +2) [demonic ancestry]
   202 | D:1      | Reached XP level 2. HP: 22/24 MP: 2/2
   746 | D:1      | Reached XP level 3. HP: 29/29 MP: 3/3
  1424 | D:2      | Found a faded altar of an unknown god.
  1549 | D:2      | Noticed Sigmund
  1574 | D:2      | Killed from afar by Sigmund

Illustrated notes

Levels and vault maps discovered:
D:1:      dpeg_arrival_rooms_with_view, layout_rooms
D:2:      minmay_chambers_of_ones, layout_basic,
          hellmonk_ecumenical_altar_blasted, minmay_between, uniq_sigmund,
          uniq_robin

Skill      XL: |  1  2  3 |
---------------+----------+-----
Long Blades    | 2 |  2.6
Shields        | 3 |  3.0
Armour         | 3 |  3.0
Fighting       | |  3.2
Dodging        | |  0.8

Action                   || total
-------------------------++-------
Melee: Long sword        ||   114
  Use: Potion            ||     4
Armor: Scale mail        ||    66
Dodge: Dodged            ||    39
Block: Kite shield       ||    66
       Rpst.: Long sword ||    10

Table legend: (Time is in decaauts)
 A = Elapsed time spent in this place.
 B = Non-inter-level travel time spent in this place.
 C = Inter-level travel time spent in this place.
 D = Time resting spent in this place.
 E = Time spent auto-exploring this place.
 F = Levels seen in this place.
 G = Mean time per level.
                   A        B        C        D        E       F      G
               +--------+--------+--------+--------+--------+-----+--------+
         Total |   1625 |   1611 |     14 |    156 |   1164 |   2 |  812.5 |
       Dungeon |   1625 |   1611 |     14 |    156 |   1164 |   2 |  812.5 |
               +--------+--------+--------+--------+--------+-----+--------+

Top non-repeatable levels by time:
     D:1: 950 daAuts
     D:2: 675 daAuts
